[Event "4NCL 2nd Div 2023-24"]
[Site "Daventry"]
[Date "2024.05.06"]
[Round "11.17"]
[White "Graham, David B"]
[Black "Larkin, Vladyslav"]
[Result "0-1"]
[ECO "B06"]
[WhiteElo "2149"]
[BlackElo "2445"]
[Annotator "TA"]
[PlyCount "92"]
[EventDate "2023.11.11"]
[EventType "team-tourn"]
[EventCountry "ENG"]
[SourceTitle "playchess.com"]
[Source "ChessBase"]
[SourceQuality "1"]
[TimeControl "40/6000+30:3000+30"]

1. e4 d6 2. d4 Nf6 3. Nc3 c6 4. a4 g6 5. Nf3 Bg7 6. g3 O-O 7. Bg2 a5 8. O-O {[%emt 0:00:13] White has an edge.} Na6 9. Re1 Nb4 10. Bg5 h6 11. Bf4 Bg4 12. h3 Bxf3 13. Bxf3 Nd7 14. Ne2 e5 15. Be3 exd4 16. Bxd4 Bxd4 17. Nxd4 Qf6 18. c3 Na6 19. Bg2 Nac5 20. Qc2 Rfe8 21. Rad1 h5 22. Nf3 Ne5 23. Nxe5 ({Better is} 23. Nh4 $1 $14) 23... dxe5 $15 24. Bf1 h4 25. Kg2 Qe6 26. b4 axb4 27. cxb4 Nxa4 28. Bc4 Qe7 29. Bb3 Nb6 (29... Qxb4 $6 30. Rb1 Kg7 31. Bxf7 $14 (31. gxh4 Red8 $11)) 30. Qc5 {[%emt 0:07:47] [#]} (30. gxh4 $11 {remains equal.} Nd7 (30... Qxb4 31. h5 $11) (30... Qxh4 31. Qc5 $11) 31. h5) 30... Nd7 $1 $17 {[%emt 0:00:30] Black continues to play with concentration.} 31. Qd6 {[%emt 0:00:44] [#]} Nf6 $1 32. Re3 Kg7 33. Bc4 (33. Qxe7 $142 Rxe7 34. gxh4) 33... Qxd6 34. Rxd6 Re7 35. b5 Ra4 36. Bb3 Rd4 (36... Nxe4 37. Rxg6+ fxg6 (37... Kxg6 38. Bxa4 Nc5 39. Bc2+ Kg7 40. bxc6 $11) 38. Bxa4 $11) 37. Rd3 $2 (37. Rxd4 exd4 38. Re1) 37... Rxd6 $19 ({Weaker is} 37... Nxe4 38. R6xd4 exd4 39. Rxd4 $17) (37... Rxe4 $2 38. bxc6 bxc6 39. Rxc6 $19) (37... cxb5 38. R3xd4 exd4 39. f3 $17) 38. Rxd6 Nxe4 {[%emt 0:00:05][%mdl 4096] Endgame. KRB-KRN} ({Don't play} 38... cxb5 39. Bd5 $19) 39. Rd8 cxb5 40. Rd5 hxg3 41. fxg3 Nc3 42. Rc5 b4 {[%emt 0:01:00] Hoping for ...e4.} 43. Rc4 e4 {[%emt 0:00:31] And now ...e3 would win.} 44. Rxb4 e3 {[%emt 0:00:18] ( -> ...e2)} 45. Kf1 e2+ 46. Ke1 Rd7 {[%emt 0:00:02] Weighted Error Value: White=0.55/Black=0.07 (flawless) .  Mistake:       	White=4     	---        Inaccurate:     	White=6     	Black=2      OK:         	White=13    	Black=16     Best:        	---       	Black=2      Strong:       	---       	Black=2} 0-1

[Event "4NCL 2nd Div 2023-24"]
[Site "Daventry"]
[Date "2024.05.06"]
[Round "11.18"]
[White "Maycock Bates, David Henry"]
[Black "Grant, David J"]
[Result "1-0"]
[ECO "B78"]
[WhiteElo "2266"]
[BlackElo "2103"]
[Annotator "TA"]
[PlyCount "57"]
[EventDate "2023.11.11"]
[EventType "team-tourn"]
[EventCountry "ENG"]
[SourceTitle "playchess.com"]
[Source "ChessBase"]
[SourceQuality "1"]
[TimeControl "40/6000+30:3000+30"]

1. e4 c5 2. Nf3 d6 3. d4 Nf6 4. Nc3 cxd4 5. Nxd4 g6 6. Be3 Bg7 7. f3 Nc6 8. Bc4 O-O 9. Qd2 Bd7 10. O-O-O Rb8 11. h4 b5 12. Bb3 Na5 13. h5 Nc4 14. Bxc4 bxc4 15. Bh6 (15. Kb1 $14) 15... Qb6 $11 (15... gxh5 $2 16. Qg5 Ne8 17. Qxh5 $18 (17. Bxg7 Nxg7 18. Rxh5 f6 $18)) 16. b3 cxb3 17. cxb3 {[%emt 0:00:14] Strongly threatening Bxg7. White is slightly better.} Bxh6 (17... Nxh5 $2 18. Nd5 Qxd4 19. Qxd4 (19. Nxe7+ Kh8 $18) 19... Bxd4 20. Bxf8 (20. Nxe7+ Kh8 $16) 20... Kxf8 21. Rxd4 $18) 18. Qxh6 Rbc8 (18... gxh5 $2 19. Nd5 Qc5+ 20. Kb2 $18) 19. Kb2 {[%emt 0:01:50] Black must now prevent hxg6.} Qc5 (19... gxh5 $2 {too greedy.} 20. Nd5 Rfe8 21. Nxb6 $18) (19... Qa5 $14 20. Nde2 g5) 20. Rd3 $1 $40 {[%emt 0:06:44][%mdl 128] Black is in trouble.} e6 $2 {[%emt 0:05:26][%mdl 8192] This move loses the game for Black.} (20... g5 $16) 21. g4 $18 {[%emt 0:07:20][%cal Od4f5,Bg2g4,Bg4g5][%mdl 32] Nf5! would now be deadly. Active counter play!} Rc7 {[%emt 0:01:48] [#]} 22. e5 $1 Qxe5 23. hxg6 $1 fxg6 {[%emt 0:02:00] [#]} 24. f4 $1 Qa5 {[%emt 0:01:08][%cal Oe6e5] [#]} 25. g5 $1 Nh5 26. Rxh5 $1 gxh5 27. g6 {[%emt 0:00:04][%csl Gg6][%cal Rh6h7] Prevents Rf7. White mates.} Bc8 28. gxh7+ Rxh7 29. Rg3+ {[%emt 0:00:06] Weighted Error Value: White=0.13 (very precise) /Black=0.80.  Loses game:     	---       	Black=1      Mistake:       	---       	Black=1      Inaccurate:     	---       	Black=3      OK:         	White=2     	Black=2      Best:        	White=1     	Black=1      Strong:       	White=1     	---} 1-0

[Event "4NCL 2nd Div 2023-24"]
[Site "Daventry"]
[Date "2024.05.06"]
[Round "11.19"]
[White "Brewer, Callum D"]
[Black "Bezuidenhout, Roland"]
[Result "1/2-1/2"]
[ECO "B30"]
[WhiteElo "2155"]
[BlackElo "2254"]
[Annotator "TA"]
[PlyCount "79"]
[EventDate "2023.11.11"]
[EventType "team-tourn"]
[EventCountry "ENG"]
[SourceTitle "playchess.com"]
[Source "ChessBase"]
[SourceQuality "1"]
[TimeControl "40/6000+30:3000+30"]

1. e4 c5 2. Nf3 Nc6 3. Bb5 Nf6 4. Nc3 g6 5. e5 Ng4 6. Bxc6 dxc6 7. h3 Nh6 8. Ne4 b6 9. a4 {[%emt 0:03:49][%cal Oa4a5] White is slightly better.} a5 10. O-O Bg7 11. d3 O-O 12. Re1 Nf5 13. Bf4 Nd4 14. Nxd4 cxd4 15. Qd2 c5 16. Bh6 Bb7 17. Qf4 Qd5 {[%emt 0:02:55] White is weak on the light squares} 18. Bxg7 Kxg7 19. b3 Rac8 20. Qg3 Rc6 21. f4 f6 22. exf6+ exf6 23. Re2 Re6 24. f5 Ree8 (24... Qxf5 25. Nd6 Rxd6 26. Qxd6 $18) (24... Re5 $1 $11) 25. Rae1 $36 {[%emt 0:01:10][%cal Oe4f6][%mdl 2048] [#] Nxf6! is the strong threat. White has strong initiative. Black is more active.} Qd8 (25... Qe5 $16 {is a better defense.}) 26. Nd6 $18 Rxe2 27. Rxe2 Bc8 28. fxg6 hxg6 29. Nxc8 Qxc8 {[%emt 0:00:02][%mdl 4096] Use. KQR-KQR} 30. Qd6 Re8 31. Re7+ Rxe7 32. Qxe7+ {[%emt 0:00:00] KQ-KQ} Kg8 33. Qxf6 Qe8 34. h4 ({Not} 34. Qxb6 Qe3+ 35. Kh2 Qf4+ (35... Qe5+ 36. Kh1 $11) 36. Kh1 Qf1+ 37. Kh2 Qf4+ 38. Kg1 Qe3+ 39. Kh2 Qf4+ $11 (39... Qe5+ 40. Kg1 $11)) 34... Kh7 35. Kh2 $2 {[%emt 0:00:00] [#]} ({Inferior is} 35. Qxb6 Qe1+ 36. Kh2 Qxh4+ 37. Kg1 Qe1+ 38. Kh2 Qe5+ 39. Kh1 Qh5+ 40. Kg1 Qd1+ 41. Kh2 Qxc2 $11 (41... Qh5+ 42. Kg3 $11)) (35. Qf2 $18) 35... Qe2 $1 $11 {[%emt 0:07:17] The position is equal.} 36. Qf7+ Kh6 37. Qf6 Kh7 {[%emt 0:00:21] Dodges Qh8+} 38. Qf7+ Kh6 39. Qf8+ Kh7 $1 40. Qf7+ {[%emt 0:02:29] White really could win this.   Load lights: Black=0.15 (very precise) /Average=0.14 (very precise) .  Missed win:     	Black=1     	---        Mistake:       	---       	Average=2     Inaccurate:     	Black=2     	---        Done:        	Black=12    	Average=10    OK:         	Black=1     	Average=6     Best:        	---       	Average=2} 1/2-1/2

[Event "4NCL 2nd Div 2023-24"]
[Site "Daventry"]
[Date "2024.05.06"]
[Round "11.20"]
[White "Harakis, Alexis M"]
[Black "Blake, J Morgan"]
[Result "1-0"]
[ECO "D17"]
[WhiteElo "2234"]
[BlackElo "2018"]
[Annotator "RC"]
[PlyCount "97"]
[EventDate "2023.11.11"]
[EventType "team-tourn"]
[EventCountry "ENG"]
[SourceTitle "playchess.com"]
[Source "ChessBase"]
[SourceQuality "1"]
[TimeControl "40/6000+30:3000+30"]

1. d4 d5 2. c4 c6 3. Nc3 Nf6 4. Nf3 dxc4 5. a4 Bf5 6. Ne5 Nbd7 7. Nxc4 Qc7 8. g3 e5 9. dxe5 Nxe5 10. Bf4 Nfd7 11. Qc1 f6 12. a5 g5 13. Nxe5 Nxe5 14. Be3 Bb4 15. a6 bxa6 16. Bg2 O-O 17. O-O Qc8 18. Ne4 Bh3 19. Bd4 Bxg2 20. Nxf6+ Rxf6 21. Qxg5+ Rg6 22. Qxe5 Qh3 23. Qh8+ Kf7 24. Qxa8 Bd5 25. Qb7+ Be7 26. f3 Rxg3+ 27. Kf2 Qxh2+ 28. Ke3 Rg2 29. Rae1 Bc4 30. Kd2 Rxe2+ 31. Kc1 Rxe1+ 32. Rxe1 Qf4+ 33. Be3 Qh4 34. Bd2 Be6 35. Qxc6 Qf6 36. Qxa6 Qf5 37. Re4 Qc5+ 38. Bc3 Qg1+ 39. Re1 Qg5+ 40. Kb1 Qf5+ 41. Ka1 h5 42. Rg1 Qd5 43. Qxa7 Kf8 44. Qb8+ Bd8 45. Qf4+ Ke8 46. Qa4+ Kf8 47. Rd1 Qg5 48. f4 Qh4 49. Qa8 1-0

[Event "4NCL 2nd Div 2023-24"]
[Site "Daventry"]
[Date "2024.05.06"]
[Round "11.21"]
[White "Granat, Russell G"]
[Black "Storey, Charles H"]
[Result "1-0"]
[ECO "B20"]
[WhiteElo "2160"]
[BlackElo "2150"]
[Annotator "RC"]
[PlyCount "105"]
[EventDate "2023.11.11"]
[EventType "team-tourn"]
[EventCountry "ENG"]
[SourceTitle "playchess.com"]
[Source "ChessBase"]
[SourceQuality "1"]
[TimeControl "40/6000+30:3000+30"]

1. e4 c5 2. c4 Nc6 3. Nc3 g6 4. d3 Bg7 5. Nf3 a6 6. Rb1 Rb8 7. a4 d6 8. h3 Nf6 9. Be2 O-O 10. O-O Ne8 11. Bd2 Nc7 12. Nd5 Ne6 13. b4 cxb4 14. Nxb4 Nxb4 15. Bxb4 Bd7 16. a5 f5 17. exf5 Rxf5 18. Nd2 Nf4 19. Ne4 Bc6 20. Bd2 Nxe2+ 21. Qxe2 Rxa5 22. Bxa5 Qxa5 23. f4 h6 24. Ng3 Qd8 25. Qe6+ Kh7 26. f5 Qe8 27. Rbe1 Bf6 28. Re2 g5 29. Ne4 Bxe4 30. Rxe4 b5 31. Rfe1 Qf8 32. Qd7 Re8 33. cxb5 axb5 34. Qxb5 Kh8 35. Qd7 Rd8 36. Qe6 Qg7 37. Kh1 h5 38. Qb3 Rg8 39. g4 Qf8 40. Kg2 h4 41. Qb7 Rg7 42. Rc1 Qf7 43. Re6 Rg8 44. Rc7 Rd8 45. Rxf6 Qxf6 46. Rxe7 Kg8 47. Re6 Qc3 48. Qd5 Kh8 49. Re2 Qc5 50. Qf7 Rb8 51. f6 Qc6+ 52. Kh2 Qb7 53. Re8+ 1-0

[Event "4NCL 2nd Div 2023-24"]
[Site "Daventry"]
[Date "2024.05.06"]
[Round "11.22"]
[White "Ni, Viktorija"]
[Black "Bucher, Grant W"]
[Result "1-0"]
[ECO "A40"]
[WhiteElo "2143"]
[BlackElo "2049"]
[Annotator "NA RC"]
[PlyCount "75"]
[EventDate "2023.11.11"]
[EventType "team-tourn"]
[EventCountry "ENG"]
[SourceTitle "playchess.com"]
[Source "ChessBase"]
[SourceQuality "1"]
[TimeControl "40/6000+30:3000+30"]

1. d4 e6 2. g3 c5 3. d5 exd5 4. Qxd5 Nf6 5. Qd1 d5 6. Bg2 Be7 7. Nh3 O-O 8. Nf4 d4 9. c4 dxc3 10. Qxd8 Rxd8 11. Nxc3 Nc6 12. Bd2 Bd7 13. O-O-O h6 14. h3 $11 Be8 15. Be3 Rxd1+ 16. Rxd1 Rd8 17. Rxd8 Nxd8 18. Nd3 b6 19. Ne5 Bd6 20. Nc4 Bb8 21. Bf4 Bxf4+ 22. gxf4 Bc6 23. Bxc6 Nxc6 24. Nd6 Nb4 25. a3 Nbd5 26. Nxd5 Nxd5 27. e3 Ne7 28. Kc2 a6 29. Kd3 Kf8 30. Kc4 g6 31. a4 Nc6 32. Nc8 Na5+ 33. Kd5 b5 34. axb5 axb5 35. Kxc5 Nc4 36. b4 Nd2 37. Kxb5 Ne4 38. Kc6 1-0

[Event "4NCL 2nd Div 2023-24"]
[Site "Daventry"]
[Date "2024.05.06"]
[Round "11.23"]
[White "Willson, Ollie"]
[Black "Farrand, Tom"]
[Result "1/2-1/2"]
[ECO "A61"]
[WhiteElo "2106"]
[BlackElo "2079"]
[Annotator "NA RC"]
[PlyCount "82"]
[EventDate "2023.11.11"]
[EventType "team-tourn"]
[EventCountry "ENG"]
[SourceTitle "playchess.com"]
[Source "ChessBase"]
[SourceQuality "1"]
[TimeControl "40/6000+30:3000+30"]

1. d4 Nf6 2. c4 c5 3. d5 e6 4. Nc3 exd5 5. cxd5 d6 6. Nf3 g6 7. Bf4 Bg7 8. e3 O-O 9. Be2 Bg4 10. O-O Bxf3 11. Bxf3 a6 12. a4 Qc7 13. e4 Nbd7 14. Re1 Rfe8 15. Qc2 Ne5 16. Be2 Rac8 17. h3 h6 $14 (17... Nfd7 $11) 18. Bh2 c4 19. Kh1 g5 20. Bg1 Ng6 21. a5 h5 22. Ra4 g4 23. Bh2 Qd7 24. Rxc4 gxh3 25. g3 Rxc4 26. Bxc4 Ne5 27. Be2 Nfg4 28. f3 Nxh2 29. Kxh2 h4 30. Rg1 Ng6 31. gxh4 Qe7 32. Bf1 Qxh4 33. Rg4 Qf6 34. Qf2 Ne5 35. Rg3 Qf4 36. Kh1 Ng6 37. Rg4 Qc1 38. f4 Bxc3 39. bxc3 Rxe4 40. Qg1 Rxf4 41. Rxg6+ fxg6 1/2-1/2

[Event "4NCL 2nd Div 2023-24"]
[Site "Daventry"]
[Date "2024.05.06"]
[Round "11.24"]
[White "Foley, John P"]
[Black "Graham, Cassie M"]
[Result "0-1"]
[ECO "A48"]
[WhiteElo "1974"]
[BlackElo "1974"]
[Annotator "NA RC"]
[PlyCount "140"]
[EventDate "2023.11.11"]
[EventType "team-tourn"]
[EventCountry "ENG"]
[SourceTitle "playchess.com"]
[Source "ChessBase"]
[SourceQuality "1"]
[TimeControl "40/6000+30:3000+30"]

1. d4 Nf6 2. Nf3 g6 3. Bf4 Bg7 4. Nc3 d6 5. Qd2 h5 6. e4 c6 7. Bd3 Bg4 8. Ng5 Nh7 9. Nxh7 Rxh7 10. h3 Be6 11. e5 dxe5 12. dxe5 Qa5 13. b4 Qc7 14. O-O Nd7 15. Rfe1 O-O-O $16 16. Qe2 Rhh8 17. Rab1 g5 18. Bh2 h4 19. Qe3 Qb6 20. f3 Qxe3+ 21. Rxe3 Bh6 22. Re2 Nb6 23. Kf1 Nc4 24. Ne4 Bd5 25. Ke1 Na3 26. Rd1 Nb5 27. Bxb5 cxb5 28. Bg1 b6 29. Nc3 Bc4 30. Rxd8+ Rxd8 31. Re4 f5 32. exf6 exf6 33. Be3 Bf8 34. a3 Bd6 35. Ne2 f5 36. Rd4 f4 37. Bc1 Kc7 38. Kd2 Re8 39. Re4 Rd8 40. Rd4 Rf8 41. Re4 a5 42. c3 Bd5 43. Rd4 Bg8 44. Re4 Bh7 45. Re6 Kd7 46. Nd4 axb4 47. cxb4 Rc8 48. Rh6 Bb1 49. Bb2 Be5 50. Rxb6 Rc4 51. Rxb5 Bxd4 52. Rd5+ Kc6 53. Rxd4 Rc2+ 54. Kd1 Rxb2 55. Kc1 Rb3 56. Rc4+ Kd5 57. Rc5+ Kd4 58. Rxg5 Bd3 59. Rg8 Kc3 60. Rc8+ Bc4 61. Ra8 Rb2 62. b5 Rxg2 63. Rd8 Rg1+ 64. Rd1 Rxd1+ 65. Kxd1 Bxb5 66. Ke1 Kd3 67. Kf2 Kd2 68. Kg2 Ke3 69. Kg1 Kxf3 70. Kh2 Ke2 0-1

[Event "4NCL 2nd Div 2023-24"]
[Site "Daventry"]
[Date "2024.05.06"]
[Round "11.25"]
[White "Bowcott-Terry, Finlay"]
[Black "Atako, Chino C"]
[Result "1-0"]
[ECO "C18"]
[WhiteElo "2097"]
[BlackElo "2007"]
[Annotator "NA RC"]
[PlyCount "75"]
[EventDate "2023.11.11"]
[EventType "team-tourn"]
[EventCountry "ENG"]
[SourceTitle "playchess.com"]
[Source "ChessBase"]
[SourceQuality "1"]
[TimeControl "40/6000+30:3000+30"]

1. e4 e6 2. d4 d5 3. Nc3 Bb4 4. e5 c5 5. a3 Bxc3+ 6. bxc3 Qa5 7. Bd2 Qa4 8. Qb1 c4 9. h4 Nc6 {[%emt 0:00:41] C18: French: 3 Nc3 Bb4: Main line: 7 h4 and 7 Qg4.} 10. h5 h6 11. Ne2 Nge7 12. g4 b6 13. Rh3 Bd7 14. Rf3 Rf8 15. g5 hxg5 16. Bxg5 O-O-O 17. Bh3 Rde8 18. Kd1 Rh8 19. Ng3 Nf5 20. Bxf5 exf5 21. Qc1 Qa5 22. Qf4 Re6 23. Qd2 f6 24. exf6 gxf6 25. Be3 Re4 26. Rf4 $11 ({Reject} 26. Nxf5 $6 Rxh5 27. Nd6+ Kc7 28. Nxe4 dxe4 29. Bf4+ (29. Rxf6 $2 {loses.} Rh1+ 30. Ke2 Qh5+ 31. f3 Rxa1 $19) 29... Kc8 $11) (26. Bf4 $1 $14) 26... Rxf4 27. Bxf4 Be8 28. h6 Ne7 29. Bd6 Ng6 30. Nxf5 Qb5 31. Bg3 Qd7 32. Nd6+ Kd8 33. Kc1 Qh3 34. Kb2 Qxh6 35. Qe2 Qh3 36. Re1 Qd7 37. Qf3 Ne7 38. Qxf6 1-0

[Event "4NCL 2nd Div 2023-24"]
[Site "Daventry"]
[Date "2024.05.06"]
[Round "11.26"]
[White "Borrowdale, Graham E"]
[Black "Pitcher, John"]
[Result "1/2-1/2"]
[ECO "D15"]
[WhiteElo "1943"]
[BlackElo "2182"]
[Annotator "RC"]
[PlyCount "38"]
[EventDate "2023.11.11"]
[EventType "team-tourn"]
[EventCountry "ENG"]
[SourceTitle "playchess.com"]
[Source "ChessBase"]
[SourceQuality "1"]
[TimeControl "40/6000+30:3000+30"]

1. c4 c6 2. Nf3 d5 3. d4 Nf6 4. Nc3 a6 5. e3 b5 6. b3 Bg4 7. h3 Bxf3 8. Qxf3 e6 9. Bd3 Be7 10. O-O O-O 11. Bb2 Nbd7 12. Rad1 Qa5 13. cxd5 cxd5 14. Rc1 Rac8 15. Bb1 Ba3 16. Qe2 Rc7 17. Qd2 Rfc8 18. Bxa3 Qxa3 19. Ne2 g6 1/2-1/2

[Event "4NCL 2nd Div 2023-24"]
[Site "Daventry"]
[Date "2024.05.06"]
[Round "11.27"]
[White "Valdepenas Octavio, Javier"]
[Black "Webster, Peter A N"]
[Result "1-0"]
[ECO "C06"]
[WhiteElo "2182"]
[BlackElo "1939"]
[Annotator "RC"]
[PlyCount "101"]
[EventDate "2023.11.11"]
[EventType "team-tourn"]
[EventCountry "ENG"]
[SourceTitle "playchess.com"]
[Source "ChessBase"]
[SourceQuality "1"]
[TimeControl "40/6000+30:3000+30"]

1. e4 e6 2. d4 d5 3. Nd2 Nf6 4. e5 Nfd7 5. Bd3 c5 6. c3 Nc6 7. Ne2 cxd4 8. cxd4 f6 9. exf6 Nxf6 10. O-O Bd6 11. Nf3 O-O 12. Bf4 Bxf4 13. Nxf4 Ne4 14. Qc1 Ng5 15. Nxg5 Qxg5 16. Ne2 Qxc1 17. Raxc1 Bd7 18. Bb5 Rac8 19. Bxc6 Rxc6 20. Rxc6 Bxc6 21. Rc1 g5 22. f3 Bb5 23. Ng3 Bd3 24. Kf2 Bg6 25. Ke3 h5 26. Ne2 h4 27. Rc5 Bh5 28. h3 Rf7 29. Nc3 Kg7 30. Nb5 a6 31. Nd6 Rd7 32. Nc8 Kf6 33. a4 Kf5 34. b4 Be8 35. a5 e5 36. Nb6 exd4+ 37. Kxd4 Rd8 38. Rc7 Kf4 39. Rxb7 Kg3 40. Rg7 Kxg2 41. Rxg5+ Kxh3 42. Rg8 Kh2 43. f4 h3 44. f5 Rd6 45. Rxe8 Kg2 46. Rg8+ Kf2 47. Rh8 Kg2 48. Ke5 Rc6 49. f6 Rc1 50. f7 Re1+ 51. Kxd5 1-0

[Event "4NCL 2nd Div 2023-24"]
[Site "Daventry"]
[Date "2024.05.06"]
[Round "11.28"]
[White "Camp, Imogen A L"]
[Black "Fallowfield, Jeremy R"]
[Result "1-0"]
[ECO "E97"]
[WhiteElo "1899"]
[BlackElo "2108"]
[Annotator "NA RC"]
[PlyCount "81"]
[EventDate "2023.11.11"]
[EventType "team-tourn"]
[EventCountry "ENG"]
[SourceTitle "playchess.com"]
[Source "ChessBase"]
[SourceQuality "1"]
[TimeControl "40/6000+30:3000+30"]

1. d4 Nf6 2. c4 g6 3. Nc3 Bg7 4. e4 d6 5. Nf3 O-O 6. Be2 e5 7. Be3 Ng4 8. Bg5 f6 9. Bh4 Nc6 10. d5 Ne7 11. O-O g5 {[%emt 0:00:00] E97: King's Indian: Classical Main Line (6...e5 7 0-0 Nc6): 8 Be3 and 8 d5 Ne7, not 9 Ne1.} 12. Bg3 Nh6 13. Ne1 Ng6 14. Nd3 Nf4 15. Rc1 f5 16. exf5 Nxf5 17. Bg4 Nxg3 18. Bxc8 Nxf1 19. Nxf4 exf4 20. Be6+ Kh8 21. Kxf1 f3 $17 22. g3 Qf6 23. Nb5 Qe7 24. Nd4 Qf6 25. Nb5 Rae8 26. Nxc7 Re7 27. Nb5 Rxe6 28. dxe6 Qxe6 29. Kg1 Bxb2 30. Rc2 Bg7 31. Nxd6 Qh3 32. Qf1 Qe6 33. Nb5 a6 34. Nc7 Qe4 35. Rc1 Rc8 36. Nd5 Bd4 37. Re1 Qc2 38. Ne3 Qxa2 39. Qh3 Re8 40. Qd7 Re4 41. Qc8+ 1-0

[Event "4NCL 2nd Div 2023-24"]
[Site "Daventry"]
[Date "2024.05.06"]
[Round "11.29"]
[White "Pal, Rohan"]
[Black "Watson, Jacob"]
[Result "1-0"]
[ECO "B30"]
[WhiteElo "2086"]
[BlackElo "1902"]
[Annotator "NA RC"]
[PlyCount "101"]
[EventDate "2023.11.11"]
[EventType "team-tourn"]
[EventCountry "ENG"]
[SourceTitle "playchess.com"]
[Source "ChessBase"]
[SourceQuality "1"]
[TimeControl "40/6000+30:3000+30"]

1. e4 c5 2. Nf3 Nc6 3. Bb5 e6 4. O-O Nge7 5. Re1 a6 6. Bf1 d5 7. exd5 Nxd5 8. d4 cxd4 9. Nxd4 Be7 {[%emt 0:05:04] B30: Sicilian: 2...Nc6 3 Bb5, lines without ...g6.} 10. Nxc6 bxc6 11. c4 Nf6 12. Qxd8+ Bxd8 13. g3 Bd7 14. Bg2 Bb6 15. Be3 Bxe3 16. Rxe3 Rb8 17. b3 O-O 18. Nc3 c5 19. Rd1 Rfc8 20. Ne4 Be8 21. Nxf6+ gxf6 22. f4 a5 23. f5 e5 ({Better is} 23... Rb6 $14) 24. Rd6 $16 Kg7 25. g4 Rd8 26. Rxd8 Rxd8 27. Bd5 h5 28. gxh5 Kh6 29. Kf2 Rd6 30. Kf3 a4 31. Ke4 axb3 32. Rxb3 Ba4 33. Rb2 Kxh5 34. Bxf7+ Kh6 35. Bd5 Ra6 36. Bb7 Rd6 37. Bd5 Ra6 38. Rg2 Be8 39. Rg8 Ba4 40. Rg6+ Kh7 41. Bg8+ Kh8 42. Kd5 Bc2 43. Be6 e4 44. Rg3 Rxa2 45. Kxc5 Ra1 46. Kd6 Rd1+ 47. Ke7 Rd3 48. c5 e3 49. c6 Rc3 50. Kxf6 e2 51. Rxc3 1-0

[Event "4NCL 2nd Div 2023-24"]
[Site "Daventry"]
[Date "2024.05.06"]
[Round "11.30"]
[White "Lim, Mark"]
[Black "Shephard, Chris C W"]
[Result "0-1"]
[ECO "A04"]
[WhiteElo "2265"]
[BlackElo "2155"]
[Annotator "TA"]
[PlyCount "32"]
[EventDate "2023.11.11"]
[EventType "team-tourn"]
[EventCountry "ENG"]
[SourceTitle "playchess.com"]
[Source "ChessBase"]
[SourceQuality "1"]
[TimeControl "40/6000+30:3000+30"]

1. Nf3 f5 2. d3 d6 3. e4 e5 4. exf5 Bxf5 5. Nc3 Be7 6. Be3 Nf6 7. h3 Nc6 8. g4 {[%emt 0:02:27][%cal Bg2g4,Bg4g5][%mdl 32] The position is equal.} Bg6 9. g5 Nh5 10. Be2 Nf4 11. Bxf4 exf4 12. Nd5 O-O 13. Qd2 (13. h4 $11 {keeps the balance.}) 13... Bxg5 $17 14. Nxg5 (14. h4 $17 {is a better defense.} Bh6 15. d4) 14... Qxg5 $19 15. Nxc7 {[%emt 0:02:44] [#]} (15. Nc3) 15... Rac8 16. Ne6 Qd5 {[%emt 0:00:12][%csl LRe6,LRh1] Load lights: Black=0.87/Average=0.13 (very precise) .  Mistake:       	Black=3     	---        Inaccurate:     	---       	Average=1     Done:        	Black=2     	Average=4     OK:         	---       	Average=1} 0-1

[Event "4NCL 2nd Div 2023-24"]
[Site "Daventry"]
[Date "2024.05.06"]
[Round "11.31"]
[White "Dicen, Elis Denele"]
[Black "Phillips, William"]
[Result "1/2-1/2"]
[ECO "E73"]
[WhiteElo "1919"]
[BlackElo "1873"]
[Annotator "NA RC"]
[PlyCount "82"]
[EventDate "2023.11.11"]
[EventType "team-tourn"]
[EventCountry "ENG"]
[SourceTitle "playchess.com"]
[Source "ChessBase"]
[SourceQuality "1"]
[TimeControl "40/6000+30:3000+30"]

1. d4 Nf6 2. c4 g6 3. h4 Bg7 4. Nc3 d6 5. e4 h5 6. Be2 O-O 7. Bg5 Nh7 8. Be3 e5 9. d5 Na6 10. Qd2 f5 11. exf5 Bxf5 12. Nf3 Nc5 13. O-O-O a5 14. b3 Qd7 15. Ng5 e4 16. Bxc5 Bxc3 17. Qxc3 dxc5 18. a4 Nxg5 19. hxg5 Qg7 20. Qxg7+ Kxg7 21. Kd2 Rae8 22. Ke3 Re5 23. Rh4 Bc8 24. g3 Bg4 25. d6 cxd6 26. Rxd6 Bxe2 27. Kxe2 Rxg5 28. Rxe4 Rgf5 29. f4 R5f6 30. Rd5 b6 31. Ke3 R8f7 32. Rd8 g5 33. Ree8 gxf4+ 34. gxf4 Rxf4 35. Rg8+ Kh6 36. Rh8+ Kg5 37. Rdg8+ Kh4 38. Rg1 Rf3+ 39. Ke4 R7f4+ 40. Ke5 Rf5+ 41. Ke4 R5f4+ 1/2-1/2